Description

Every details are in the video.

This build order start like a standard Gate Expand Stargate in PvZ. As soon as you feel safe about the scouting overlord, you add your second stargate and third gas to do a strong 5 oracles push. After this one, you go to a oracle / zealot all-in.

The first pressure is here to kill as many drones as possible (sometimes you will simply win with this push). After adding all your gateways, you can start oracle production again. Notes : - Split your 2 Stargates. You don't want to show both (in case of scout). - If you can, hide your third gas. If your oponnent see this gas he will expect an all-in and of course a heavy gas units composition. - The build order is strong in defense too. Against a mass roach, you can simply use your oracles to kill every units and counter attack to finish the game.

VOD

https://youtu.be/CCzbhdDrJ5E

Replay - PvZ oracle zealot

Build Order

Get SALT Encoding   

  12  0:00  Probe  
  13  0:13  Probe  
  14  0:21  Probe  
  14  0:22  Pylon  
  15  0:36  Probe  
  15  0:40  Gateway  
  16  0:48  Probe  
  16  0:49  Assimilator  
  17  0:57  Probe  
  18  1:06  Probe  
  19  1:15  Probe  
  20  1:28  Nexus  
  20  1:38  Cybernetics Core  
  20  1:41  Probe  
  20  1:45  Assimilator  
  21  1:53  Probe  
  22  1:56  Pylon  
  22  2:05  Stalker  
  27  2:32  Stargate, Warp Gate  
  27  2:38  Adept  
  31  2:53  Assimilator  
  33  3:03  Stargate  
  35  3:15  Gateway  
  35  3:17  Oracle  
  41  3:40  Pylon  
  43  3:49  Oracle  
  43  3:53  Pylon  
  48  4:04  Oracle  
  50  4:17  Oracle  
  50  4:31  Zealot  
  55  4:34  Oracle  
  55  4:36  Assimilator  
  57  4:40  Pylon  
  62  4:53  Twilight Council  
  62  5:07  Zealot x2  
  62  5:09  Robotics Facility  
  66  5:16  Oracle  
  66  5:25  Gateway x2  
  66  5:28  Charge  
  69  5:30  Gateway  
  66  5:47  Oracle  
  66  5:49  Zealot x2  
  72  5:52  Gateway x2  
  72  5:53  Warp Prism  
  77  6:11  Zealot x2  
  81  6:21  Zealot x3  
  91  6:54  Templar Archives  
Spawning Tool Build Advisor. Get it on Overwolf

Go to:

Details

  • Created by: zuka      
  • Published on: Jan 28, 2019
  • Patch: 4.7.1
Show
View Real Time Build Order
Export as new Build Order

Comments (0)

There are no comments. Be the first!

Create an account to comment!